 Dungeon Crawl Stone Soup version 0.20-a0-420-g83c570d (webtiles) character file.

2156 ThermosAquaticus the Jinx (level 9, -3/57 HPs)
             Began as a Vampire Enchanter on Dec 31, 2016.
             Was an Initiate of Nemelex Xobeh.
             Slain by a bullfrog (8 damage)
             ... on level 6 of the Dungeon.
             The game lasted 00:19:58 (5178 turns).

ThermosAquaticus the Jinx (Vampire Enchanter)       Turns: 5178, Time: 00:19:59

Health: -3/57      AC:  6    Str:  7    XL:     9   Next: 10%
Magic:  7/15       EV: 13    Int: 19    God:    Nemelex Xobeh [......]
Gold:   610        SH:  0    Dex: 16    Spells: 5/17 levels left

rFire  . . .     SeeInvis +     e - +1 dagger (venom)
rCold  + . .     Gourm    .     b - +1 robe
rNeg   + + .     Faith    .     (no shield)
rPois  +         Spirit   .     D - +0 helmet
rElec  .         Reflect  .     (no cloak)
rCorr  .         Harm     .     x - +0 pair of gloves
MR     .....                    r - +0 pair of boots
Stlth  +++++.....               (no amulet)
                                (no ring)
                                f - ring of wizardry

@: marked, regenerating slowly, hasted, very quick
A: fangs 3, see invisible, unbreathing
a: Bat Form, Renounce Religion


You were on level 6 of the Dungeon.
You worshipped Nemelex Xobeh.
Nemelex Xobeh was noncommittal.
You were thirsty.

You visited 2 branches of the dungeon, and saw 7 of its levels.
You also visited: Ossuary.

You collected 610 gold pieces.

Inventory:

Hand Weapons
 a - a +1 dagger
 e - a +1 dagger of venom (weapon)
 u - a +0 short sword of freezing
Armour
 b - a +1 robe (worn)
 r - a +0 pair of boots (worn)
 x - a +0 pair of gloves (worn)
 D - a +0 helmet (worn)
Jewellery
 f - a ring of wizardry (left hand)
 o - an uncursed amulet of guardian spirit
Wands
 m - a wand of paralysis (9/24)
 E - a wand of acid (5/15)
Scrolls
 j - a scroll of enchant weapon {unknown}
 k - 2 scrolls of immolation {unknown}
 l - 2 scrolls of recharging {unknown}
 n - 4 scrolls of teleportation {unknown}
 q - 2 scrolls of remove curse {unknown}
 t - 2 scrolls of fear {unknown}
 y - 2 scrolls of blinking {unknown}
 B - a scroll of amnesia {unknown}
 F - a scroll of random uselessness {unknown}
Potions
 d - 22 potions of blood
 g - 4 potions of might
 h - 3 potions of lignification
 i - 2 potions of mutation
 p - a potion of resistance
 s - 2 potions of curing {unknown}
 v - a potion of agility {unknown}
 w - 3 potions of haste
 z - a potion of cure mutation {unknown}
 A - a potion of brilliance {unknown}
Books
 c - a book of Maledictions

   Spells                             Type                      Level
   a - Corona                         Hexes                        1
   b - Ensorcelled Hibernation        Hexes/Ice                    2
   c - Confuse                        Hexes                        3
   d - Tukima's Dance                 Hexes                        3
   e - Dazzling Spray                 Conjuration/Hexes            3
Miscellaneous
 C - a plain deck of destruction {drawn: 3}
 G - a plain deck of destruction


   Skills:
 + Level 8.3 Short Blades
 - Level 2.3 Dodging
 + Level 7.6 Stealth
 - Level 4.5 Spellcasting
 + Level 9.7 Hexes
 - Level 3.3 Ice Magic


You had 5 spell levels left.
You knew the following spells:

 Your Spells              Type           Power        Failure   Level  Hunger
a - Corona                Hex            #####..      1%          1    None
b - Ensorcelled Hibernat  Hex/Ice        ####..       1%          2    #......
c - Confuse               Hex            #####...     1%          3    ###....
d - Tukima's Dance        Hex            #####...     1%          3    ###....
e - Dazzling Spray        Conj/Hex       ###...       2%          3    ###....


Dungeon Overview and Level Annotations

Branches:
Dungeon (6/15)             Temple (1/1) D:5

Altars:
Ashenzari
Cheibriados
Dithmenos
Elyvilon
Fedhas
Gozag
Hepliaklqana
Makhleb
Nemelex Xobeh
Qazlal
Ru
Sif Muna
Trog
Uskayaw
Vehumet
Xom
Yredelemnul
Zin


Innate Abilities, Weirdness & Mutations

You heal slowly.
You have razor-sharp teeth.
You have supernaturally acute eyesight. (SInv)
You can survive without breathing.


Message History

Aim: a bullfrog (chance to defeat MR: 58%)
The bullfrog resists with significant effort.
The bullfrog closely misses you. The bullfrog barely misses you. x2
Casting: Ensorcelled Hibernation
Confirm with . or Enter, or press ? or * to list all spells.
Aiming: Ensorcelled Hibernation
Press: ? - help, Shift-Dir - straight line, f/p - bullfrog
Aim: a bullfrog (chance to defeat MR: 58%)
The bullfrog resists with significant effort.
The bullfrog hits you. The bullfrog hits you!
* * * LOW HITPOINT WARNING * * *
The bullfrog barely misses you. The bullfrog hits you.
* * * LOW HITPOINT WARNING * * *
The bullfrog hits you.
* * * LOW HITPOINT WARNING * * *
You feel yourself speed up.
The bullfrog hits you but does no damage.
The bullfrog hits you!
You die...
Your body disappears without a glow.

#......#..#...........^o..# .
#......#(.#...........>...#
#.(....#..#...............#####
#......#..#....................
#.....>####..........#####.....
#..................o.# #.....
#..........#######o### #.....
#..........#...Fo....# #.....
#..........#..@F#...######.....
#......##+##...##...#..........
#......# ##...##...#..........
#......+ #....##.).#..........
#......# #.........#..........
#......# ##...##...#.....#####
#......# #...##...#%....#....
#......#####....รท)..#.....'....
#......#..##...###'##.....###..


You could see 2 bullfrogs and 3 orcs.

Vanquished Creatures
  An unseen horror (D:6)
  A water moccasin (D:6)
  3 ogres
  2 centaurs (D:5)
  A bullfrog (D:6)
  A scorpion (D:4)
  4 wights (D:6)
  2 howler monkeys
  2 electric eels (D:6)
  A bullfrog zombie (D:5)
  A crimson imp (D:3)
  A human zombie (Ossuary)
  An orc priest (D:5)
  A centaur skeleton (D:4)
  2 orc wizards
  An iguana (D:6)
  4 worker ants
  A killer bee zombie (D:5)
  A big kobold zombie (Ossuary)
  2 mummies (Ossuary)
  A worker ant zombie (D:5)
  4 adders
  3 gnolls (D:6)
  2 oozes
  2 dart slugs
  5 leopard geckos
  14 orcs
  10 bats
  3 giant cockroaches
  4 gnoll zombies
  2 hobgoblins (D:3)
  10 jackals
  10 kobolds
  3 quokkas
  2 ball pythons
  15 frilled lizards
  9 goblins
  2 goblin zombies (Ossuary)
  4 hobgoblin zombies (Ossuary)
  4 orc zombies (Ossuary)
  A plant (D:6)
143 creatures vanquished.

Vanquished Creatures (collateral kills)
  A swamp drake (D:6)
  2 electric eels (D:6)
3 creatures vanquished.

Grand Total: 146 creatures vanquished

Notes
Turn   | Place    | Note
-------+----------+-------------------------------------------
     0 | D:1      | ThermosAquaticus the Vampire Enchanter began the quest for the Orb.
     0 | D:1      | Reached XP level 1. HP: 13/13 MP: 3/3
   161 | D:1      | Reached XP level 2. HP: 15/19 MP: 1/5
   175 | D:1      | Learned a level 2 spell: Ensorcelled Hibernation
   355 | D:1      | Reached skill level 5 in Stealth
   780 | D:1      | Reached XP level 3. HP: 20/24 MP: 1/6
  1084 | D:2      | Learned a level 3 spell: Confuse
  1333 | D:2      | Reached XP level 4. HP: 30/30 MP: 7/7
  2263 | D:4      | Reached XP level 5. HP: 35/35 MP: 8/8
  2648 | D:4      | Noticed an ogre
  2654 | D:4      | Killed an ogre
  2654 | D:4      | Reached skill level 5 in Short Blades
  2654 | D:4      | Reached skill level 5 in Hexes
  2654 | D:4      | Reached skill level 1 in Ice Magic
  2654 | D:4      | Reached XP level 6. HP: 41/41 MP: 6/9
  2767 | D:4      | Learned a level 3 spell: Tukima's Dance
  2842 | D:4      | Reached skill level 6 in Hexes
  2842 | D:4      | Reached XP level 7. HP: 46/46 MP: 0/10
  2982 | D:5      | Entered Level 5 of the Dungeon
  3483 | D:5      | Found a staircase to the Ecumenical Temple.
  3505 | Temple   | Entered the Ecumenical Temple
  3608 | Temple   | Became a worshipper of Nemelex Xobeh the Trickster
  3644 | D:5      | Found a snail-covered altar of Cheibriados.
  3671 | D:5      | Received a gift from Nemelex Xobeh
  3684 | D:5      | Found a basalt altar of Yredelemnul.
  3725 | D:5      | Reached skill level 7 in Hexes
  3939 | D:6      | Found a sand-covered staircase.
  3944 | Ossuary  | Entered an ossuary
  3980 | Ossuary  | Reached XP level 8. HP: 36/52 MP: 0/12
  4673 | D:6      | Noticed an unseen horror
  4678 | D:6      | Killed an unseen horror
  4678 | D:6      | Reached skill level 8 in Hexes
  4730 | D:6      | Reached skill level 9 in Hexes
  4966 | D:6      | Learned a level 3 spell: Dazzling Spray
  5058 | D:6      | Received a gift from Nemelex Xobeh
  5078 | D:6      | Reached XP level 9. HP: 57/57 MP: 15/15
  5178 | D:6      | Slain by a bullfrog

Vault maps used:
D:1:      minmay_arrival_up_and_down, minmay_lizard_king
D:4:      first_bread
D:5:      kennysheep_little_box, lemuel_zombie_altar_yredelemnul
D:6:      enter_ossuary_2, serial_bayou_lake_a, uniq_eustachio
Temple:   nicolae_temple_elliptical
Ossuary:  minmay_ossuary_gauntlet

Skill      XL: |  1  2  3  4  5  6  7  8 |
---------------+-------------------------+-----
Short Blades   | 2 3 4 5 6 8 |  8.3
Stealth        | 5 6 7 |  7.6
Hexes          | 5 6 7 9 |  9.7
Ice Magic      | 1 2 3 |  3.3
Spellcasting   | 4 |  4.5
Dodging        | |  2.3

Action                   |  1- 3 |  4- 6 |  7- 9 || total
-------------------------+-------+-------+-------++-------
Melee: Dagger            |   111 |    93 |   175 ||   379
       Bite              |     7 |    12 |    21 ||    40
 Cast: Corona            |     7 |     1 |       ||     8
       Ensorcelled Hiber |     9 |    14 |    18 ||    41
       Confuse           |       |     1 |    15 ||    16
Evoke: Wand              |       |       |     1 ||     1
       Deck              |       |       |     3 ||     3
  Use: Potion            |       |     2 |     7 ||     9
       Scroll            |       |       |     6 ||     6
 Stab: Sleeping          |    21 |    15 |    19 ||    55
       Distracted        |       |     2 |       ||     2
       Confused          |       |     1 |    12 ||    13
       Paralysed         |       |       |     1 ||     1
Armor: Robe              |    31 |     7 |    23 ||    61
Dodge: Dodged            |    64 |    44 |    74 ||   182
